 Dungeon Crawl Stone Soup version 0.22-a0-830-gf552829 (webtiles) character file.

51 zishaf the Chucker (level 3, 0/35 HPs)
             Began as a Troll Hunter on July 24, 2018.
             Was a Follower of Fedhas.
             Slain by a gnoll
             ... wielding a +0 spear
              (6 damage)
             ... on level 2 of the Dungeon.
             The game lasted 00:03:07 (1044 turns).

zishaf the Chucker (Troll Hunter)                   Turns: 1044, Time: 00:03:08

Health: 0/35       AC:  5    Str: 20    XL:     3   Next: 58%
Magic:  2/2        EV: 10    Int:  7    God:    Fedhas [*.....]
Gold:   60         SH:  0    Dex: 11    Spells: 2/2 levels left

rFire    . . .     SeeInvis .     - Unarmed
rCold    . . .     Gourm    +   (no shield)
rNeg     . . .     Faith    .   b - +0 robe
rPois    .         Spirit   .   (helmet restricted)
rElec    .         Reflect  .   (no cloak)
rCorr    .         Harm     .   (gloves unavailable)
MR       .....                  (boots unavailable)
Stlth    +.........             (no amulet)
HPRegen  0.51/turn              (no ring)
MPRegen  0.08/turn              (no ring)

@: no status effects
A: large, unfitting armour, claws 3, fast metabolism 3, gourmand, regeneration
1, shaggy fur 1, tough skin 2
a: Fungal Bloom, Evolution, Renounce Religion


You were on level 2 of the Dungeon.
You worshipped Fedhas.
Fedhas was aware of your devotion.
You were completely stuffed.

You visited 1 branch of the dungeon, and saw 2 of its levels.

You collected 60 gold pieces.

Inventory:

Hand Weapons
 a - a +0 short sword
Missiles
 c - 5 large rocks (quivered)
 d - 2 throwing nets
Armour
 b - a +0 robe (worn)
Scrolls
 e - 2 scrolls of identify {unknown}
 g - a scroll of amnesia {unknown}
 i - a scroll of fear {unknown}
Potions
 h - a potion of curing {unknown}
 k - 2 potions of brilliance {unknown}
 l - a potion of lignification {unknown}
Comestibles
 f - 3 rations
 j - 7 chunks of flesh


   Skills:
 + Level 2.0 Fighting
 * Level 4.2 Throwing
 + Level 2.0 Dodging
 - Level 0.3 Stealth
 + Level 1.0 Unarmed Combat


You had 2 spell levels left.
You didn't know any spells.
Your spell library was empty.

Dungeon Overview and Level Annotations

Branches:
Dungeon (2/15)

Altars:
Fedhas
Nemelex Xobeh


Innate Abilities, Weirdness & Mutations

You are too large for most types of armour.
You have claws for hands.
Your metabolism is lightning-fast.
You like to eat raw meat.
Your natural rate of healing is unusually fast.
You are covered in fur. (AC +1)
You have very tough skin. (AC +2)


Message History

* * * LOW HITPOINT WARNING * * *
The gnoll closely misses you.
You claw the gnoll!
You kill the gnoll!
Your Unarmed Combat skill increases to level 1!
The gnoll closely misses you. The gnoll hits you with a spear.
* * * LOW HITPOINT WARNING * * *
Things that are here:
a halberd; a gnoll corpse You scratch the gnoll but do no damage.
The gnoll hits you with a spear.
* * * LOW HITPOINT WARNING * * *
You scratch the gnoll.
The gnoll is heavily wounded.
The gnoll hits you but does no damage.
You scratch the gnoll but do no damage.
The gnoll is heavily wounded.
The gnoll hits you with a spear.
You die...
Fedhas appreciates your contribution to the ecosystem.

#######
#.....####.#
#........#.# ####
#..#####.#.#
...$.###..#.#.#.#.#
#......#.....#.#
####)#.#.#.#.#.#
#@#.#####...#
.......g..........#
######...##.#.###.#
..#.. ... #.# ##.
..### #.# .. ...
#.# ## ###. #.# .#
#.# #.#


You could see a gnoll.

Vanquished Creatures
  2 gnolls (D:2)
  A dart slug (D:2)
  2 leopard geckos (D:2)
  2 giant cockroaches
  A goblin (D:2)
  4 hobgoblins
  A quokka (D:2)
  3 bats (D:1)
  3 frilled lizards
  3 kobolds
  6 rats
28 creatures vanquished.

Notes
Turn   | Place    | Note
-------+----------+-------------------------------------------
     0 | D:1      | zishaf the Troll Hunter began the quest for the Orb.
     0 | D:1      | Reached XP level 1. HP: 19/19 MP: 0/0
   288 | D:1      | Reached XP level 2. HP: 28/28 MP: 1/1
   428 | D:1      | Found a sparkling altar of Nemelex Xobeh.
   815 | D:2      | Found a faded altar of an unknown god.
   832 | D:2      | Became a worshipper of Fedhas Madash
   832 | D:2      | Reached * piety under Fedhas
   860 | D:2      | Reached skill level 4 in Throwing
  1006 | D:2      | Reached XP level 3. HP: 30/35 MP: 2/2
  1040 | D:2      | Reached skill level 1 in Unarmed Combat
  1044 | D:2      | Slain by a gnoll

Vault maps used:
D:1:      eino_arrival_tree_alley, minmay_misc_feat_five, serial_bayou_pond_b,
          nemelex_diamond_rough_becter
D:2:      lemuel_round_altar, chequers_ecumenical_altar_simple_redux,
          minivault_4, minmay_split_cup_small

Skill      XL: |  1  2  3 |
---------------+----------+-----
Throwing       | 4 |  4.2
Fighting       | 2 |  2.0
Dodging        | 2 |  2.0
Unarmed Combat | 1 |  1.0
Stealth        | |  0.3

Action                   || total
-------------------------++-------
Melee: Unarmed           ||    73
       Short sword       ||     2
 Stab: Sleeping          ||     2
  Eat: Chunk             ||    15
Armor: Robe              ||    22
Dodge: Dodged            ||    52

Table legend:
 A = Spawn XP
 B = Non-spawn XP
 C = Spawn XP percentage of total XP
 D = Spawn monster count
 E = Non-spawn monster count
 F = Spawn count percentage of total count
 G = Total turns spent on level
                    A         B        C        D         E        F      G
               +---------+---------+-------+---------+---------+-------+---------
         Total |       0 |      74 |   0.0 |       0 |      28 |   0.0 |  1044
               +---------+---------+-------+---------+---------+-------+---------
           D:1 |       0 |      20 |   0.0 |       0 |      15 |   0.0 |   814
           D:2 |       0 |      54 |   0.0 |       0 |      13 |   0.0 |   230
               +---------+---------+-------+---------+---------+-------+---------
